 Dungeon Crawl Stone Soup version 0.25-a0-353-ged6d54792d (webtiles) character file.

Game seed: 14676249962194832726, levelgen mode: deterministic

9849 sankara the Dealer of Despair (level 11, 0/94 HPs)
             Began as a Hill Orc Necromancer on Jan 1, 2020.
             Was an Elder of Kikubaaqudgha.
             Slain by a seven-headed hydra (7 damage)
             ... on level 3 of the Lair of Beasts.
             The game lasted 01:32:37 (15410 turns).

sankara the Dealer of Despair (HONe)               Turns: 15410, Time: 01:32:38

Health: 0/94       AC:  7    Str: 12    XL:     11   Next: 52%
Magic:  14/19      EV: 12    Int: 18    God:    Kikubaaqudgha [****..]
Gold:   369        SH:  4    Dex: 11    Spells: 0/21 levels left

rFire    . . .     SeeInvis .   a - +2 whip (elec)
rCold    + . .     Gourm    .   V - +0 buckler
rNeg     + . .     Faith    .   i - +3 leather armour
rPois    .         Spirit   .   q - +0 hat
rElec    .         Reflect  .   (no cloak)
rCorr    .         Harm     .   r - +0 pair of gloves
MR       .....                  (no boots)
Stlth    +.........             (no amulet)
HPRegen  1.25/turn              u - ring of protection from cold {rC+, !d}
MPRegen  0.16/turn              U - ring of positive energy {rN+}

@: lethally poisoned (0 -> 0), regenerating (expiring)
A: no striking features
a: Receive Corpses, Renounce Religion


You were on level 3 of the Lair of Beasts.
You worshipped Kikubaaqudgha.
Kikubaaqudgha was greatly pleased with you.
You were not hungry.

You visited 3 branches of the dungeon, and saw 13 of its levels.
You also visited: Ossuary.

You collected 511 gold pieces.
You spent 142 gold pieces at shops.

Inventory:

Hand Weapons
 a - a +2 whip of electrocution (weapon)
   (You took it off Pikel on level 7 of the Dungeon)
 b - a +3 dagger of speed
   (You took it off a goblin on level 3 of the Dungeon)
 j - a +4 dagger
   (You took it off an orc wizard on level 4 of the Dungeon)
Missiles
 e - 300 stones (quivered)
 f - 43 sling bullets
 o - 2 throwing nets {=f, !d}
 p - 10 poisoned darts
 x - 11 boomerangs
 A - 8 silver boomerangs
 H - 3 atropa-tipped darts
 K - 4 curare-tipped darts
 P - 61 bolts
Armour
 i - a +3 leather armour (worn)
   (You found it on level 2 of the Dungeon)
 q - a +0 hat (worn)
   (You found it on level 5 of the Dungeon)
 r - a +0 pair of gloves (worn)
   (You found it on level 3 of the Dungeon)
 L - a +0 ring mail of cold resistance
   (You found it on level 7 of the Dungeon)
 V - a +0 buckler (worn)
   (You found it on level 1 of the Lair of Beasts)
 Y - the +0 robe of Anaesthesia {rF+}
   (You bought it in a shop on level 6 of the Dungeon)

   It protects you from fire.
Jewellery
 u - a ring of protection from cold (left hand) {rC+, !d}
   (You found it on level 3 of the Dungeon)
 w - an uncursed ring of fire {rF+, rC-}
   (You found it on level 4 of the Dungeon)
 I - an uncursed ring of resist corrosion
   (You found it on level 6 of the Dungeon)
 U - a ring of positive energy (right hand) {rN+}
   (You found it on level 1 of the Lair of Beasts)
Wands
 M - a wand of iceblast (3)
   (You found it on level 7 of the Dungeon)
 T - a wand of polymorph (4)
   (You found it on level 8 of the Dungeon)
Scrolls
 d - 6 scrolls of teleportation
 g - 4 scrolls of remove curse
 h - a scroll of blinking {!r}
 t - 4 scrolls of enchant armour
 F - 2 scrolls of magic mapping {!r}
 G - a scroll of amnesia
 J - a scroll of immolation {unknown}
 N - a scroll of enchant weapon
 R - a scroll of noise {unknown}
 X - a scroll of vulnerability {unknown}
Potions
 k - 2 potions of invisibility
 l - 2 potions of resistance
 m - 2 potions of agility
 n - 5 potions of curing
 s - 2 potions of mutation {!q}
 v - a potion of ambrosia
 z - a potion of brilliance
 B - 2 potions of might
 C - a potion of haste
 D - a potion of heal wounds
 E - a potion of flight
 Q - 3 potions of lignification {!q}
 W - 2 potions of magic {unknown}
Comestibles
 c - 15 rations
 Z - a chunk of flesh {@w0}


   Skills:
 - Level 8.2 Fighting
 * Level 9.3 Maces & Flails
 - Level 4.2 Armour
 - Level 2.5 Dodging
 - Level 1.5 Stealth
 - Level 4.0 Shields
 + Level 5.6 Spellcasting
 - Level 4.0 Charms
 + Level 10.2 Necromancy


You couldn't memorise any spells.
You knew the following spells:

 Your Spells              Type           Power        Failure   Level  Hunger
a - Pain                  Necr           ####         1%          1    None
b - Animate Skeleton      Necr           N/A          1%          1    None
c - Vampiric Draining     Necr           #####.....   1%          3    ##.....
d - Dispel Undead         Necr           #####...     6%          5    #####..
e - Regeneration          Chrm/Necr      ####......   2%          3    ##.....
f - Death Channel         Necr           #####.....   34%         6    #######
l - Sublimation of Blood  Necr           #####.....   1%          2    None

Your spell library contained the following spells:

 Spells                   Type           Power        Failure   Level  Hunger
 Animate Dead             Necr           N/A          2%          4    ####...
 Corpse Rot               Necr/Air       N/A          3%          2    None
 Agony                    Necr           #####...     6%          5    #####..
 Magic Dart               Conj           #...         16%         1    None
 Summon Small Mammal      Summ           #...         16%         1    None
 Blink                    Tloc           N/A          24%         2    None
 Call Imp                 Summ           #.......     24%         2    None
 Slow                     Hex            #.......     24%         2    None
 Excruciating Wounds      Chrm/Necr      ####......   24%         5    #####..
 Call Canine Familiar     Summ           #.......     43%         3    ##.....
 Conjure Flame            Conj/Fire      #.......     43%         3    ##.....
 Mephitic Cloud           Conj/Pois/Air  #.......     43%         3    ##.....
 Summon Guardian Golem    Hex/Summ       #.......     43%         3    ##.....
 Summon Ice Beast         Ice/Summ       #.......     85%         4    ####...
 Summon Lightning Spire   Summ/Air       #.......     85%         4    ####...


Dungeon Overview and Level Annotations

Branches:
Dungeon (9/15)             Temple (1/1) D:5            Lair (3/6) D:8
  Snake (0/4) Lair:2      Ossuary (visited)
  Swamp: Lair:2-4    Shoals: Lair:2-4       Orc: D:9-12

Altars:
Ashenzari
Cheibriados
Dithmenos
Elyvilon
Fedhas
Gozag
Hepliaklqana
Kikubaaqudgha
Makhleb
Nemelex Xobeh
Okawaru
Qazlal
Ru
Sif Muna
Trog
Uskayaw
Vehumet
Wu Jian
Xom
Yredelemnul
Zin
The Shining One

Shops:
D:6 :[:

Annotations:
D:5 exclusion: 2 doors


Message History

You whack the water moccasin!
Lightning courses through the water moccasin!
You kill the water moccasin!
Kikubaaqudgha accepts your kill.
You feel sick.
No target in view!
No target in view!
Casting: Regeneration (safe; 2% risk of failure)
Confirm with . or Enter, or press ? or * to list all spells.
Your skin crawls.
You feel sick.
You swap places.
You feel sick.
You feel sick.
You feel sick.
You feel sick.
You feel sick.
Your skin is crawling a little less now.
You feel sick.
You feel sick.
A seven-headed hydra comes into view.
Your water moccasin skeleton bites the fungus!
Marking area around a hydra as unsafe for travelling.
You feel sick.
Your water moccasin skeleton bites the fungus!
Your water moccasin skeleton bites the plant but does no damage.
You feel sick.
Your water moccasin skeleton bites the plant but does no damage.
Casting: Regeneration (safe; 2% risk of failure)
Confirm with . or Enter, or press ? or * to list all spells.
Your skin crawls.
You feel sick.
Really walk into a travel-excluded area?
The seven-headed hydra roars!
You feel sick.
Casting: Regeneration (safe; 2% risk of failure)
Confirm with . or Enter, or press ? or * to list all spells.
Okay, then.
You hit the seven-headed hydra but do no damage.
Lightning courses through the seven-headed hydra!
The seven-headed hydra is lightly wounded.
The seven-headed hydra bites you.
You block the seven-headed hydra's attack.
The seven-headed hydra closely misses you.
The seven-headed hydra bites you. The seven-headed hydra bites you!
The seven-headed hydra bites you but does no damage.
The seven-headed hydra bites you.
Your spiny frog skeleton hits the seven-headed hydra.
You barely miss the seven-headed hydra.
The seven-headed hydra is lightly wounded.
The seven-headed hydra barely misses you.
The seven-headed hydra closely misses you.
The seven-headed hydra bites you.
The seven-headed hydra bites you but does no damage. x2
The seven-headed hydra bites you! The seven-headed hydra bites you.
You hit the seven-headed hydra.
The seven-headed hydra is moderately wounded.
You feel sick.
Your spiny frog skeleton hits the seven-headed hydra.
You hit the seven-headed hydra.
Lightning courses through the seven-headed hydra!
The seven-headed hydra is heavily wounded.
The seven-headed hydra misses you. The seven-headed hydra bites you!
The seven-headed hydra bites you but does no damage.
The seven-headed hydra bites you.
The seven-headed hydra closely misses you. x2
The seven-headed hydra bites you.
Your spiny frog skeleton hits the seven-headed hydra!
The seven-headed hydra bites your spiny frog skeleton!
The seven-headed hydra bites your spiny frog skeleton.
The seven-headed hydra bites your spiny frog skeleton! x3
Your spiny frog skeleton is destroyed!
Casting: Regeneration (safe; 2% risk of failure)
Confirm with . or Enter, or press ? or * to list all spells.
Aiming: Pain (safe; 1% risk of failure)
Press: ? - help, Shift-Dir - straight line, f - seven-headed hydra
Aim: a seven-headed hydra (severely wounded, hasn't noticed you, chance to defeat MR: 54%)
The seven-headed hydra roars!
The seven-headed hydra resists with significant effort.
Your skin is crawling a little less now.
Your water moccasin skeleton bites the seven-headed hydra.
You feel sick.
The seven-headed hydra bites your water moccasin skeleton!!
Your water moccasin skeleton is destroyed!
The seven-headed hydra bites something! x3
Casting: Pain (safe; 1% risk of failure)
Confirm with . or Enter, or press ? or * to list all spells.
Aiming: Pain (safe; 1% risk of failure)
Press: ? - help, Shift-Dir - straight line, f/p - seven-headed hydra
Aim: a seven-headed hydra (severely wounded, chance to defeat MR: 54%)
The seven-headed hydra writhes in agony!
You barely miss the seven-headed hydra.
The seven-headed hydra is almost dead.
The seven-headed hydra barely misses you.
The seven-headed hydra misses you. The seven-headed hydra bites you!
* * * LOW HITPOINT WARNING * * *
The seven-headed hydra bites you!
* * * LOW HITPOINT WARNING * * *
The seven-headed hydra barely misses you.
The seven-headed hydra misses you. The seven-headed hydra bites you!
You die...
Kikubaaqudgha rasps: "You have failed me!
Welcome... death!"

## ##### #
####.####...###.#
#................
#................
##......D........
##....#.@#.##.....
#...##.##...#....#
#..#.............
#..##.....##.....
#..#.....# ....#
#.PP...### ...#
##.....##### ...
#........... ...
##..........


You could see a seven-headed hydra.

Vanquished Creatures
  A lindwurm (D:8)
  The ghost of sankara the Spear-Bearer, a novice MfGl of Yredelemnul (D:7)
  A black mamba (Lair:1)
  Psyche (D:8)
  3 spiny frogs (Lair:1)
  3 hippogriffs
  7 dream sheep
  9 yaks
  2 porcupines
  3 water moccasins
  An orc warrior (D:6)
  A sky beast (D:7)
  2 ice beasts
  A black bear (D:8)
  3 ogres
  A necrophage (D:9)
  2 centaurs (D:5)
  A crocodile (Lair:1)
  2 big kobolds
  5 bullfrogs
  2 scorpions
  A water moccasin zombie (Ossuary)
  3 killer bees (D:8)
  A howler monkey (D:8)
  8 wights
  2 crimson imps
  A bullfrog zombie (D:6)
  A quasit (D:8)
  5 orc priests
  2 hounds
  3 jellies
  2 bullfrog skeletons
  2 iguanas
  6 worker ants
  5 orc wizards
  2 mummies (Ossuary)
  A worker ant zombie (D:9)
  7 adders
  4 gnolls
  4 shadow imps
  7 adder zombies (Ossuary)
  An ooze (D:4)
  A worm (D:2)
  2 dart slugs (D:3)
  5 leopard geckos
  39 orcs
  5 bats
  5 giant cockroaches
  4 gnoll zombies (Ossuary)
  4 goblins
  4 hobgoblins
  7 jackals (D:1)
  12 kobolds
  5 quokkas
  A ball python skeleton (D:4)
  2 frilled lizards (D:2)
  7 hobgoblin zombies (Ossuary)
  A jackal zombie (D:7)
  3 kobold zombies (Ossuary)
  A leopard gecko skeleton (D:4)
  9 orc zombies (Ossuary)
  A quokka skeleton (D:5)
  7 rats
245 creatures vanquished.

Vanquished Creatures (collateral kills)
  Pikel (D:7)
  A komodo dragon (Lair:2)
  A hippogriff (Lair:3)
  A water moccasin (Lair:1)
  2 crimson imps
  An orc wizard (D:5)
  A worker ant (D:4)
  An adder (D:6)
  An adder skeleton (D:4)
  A giant cockroach (D:3)
  A bat (D:2)
  A frilled lizard (D:2)
  A kobold (D:3)
14 creatures vanquished.

Vanquished Creatures (others)
  A plant (Lair:2)
1 creature vanquished.

Grand Total: 260 creatures vanquished

Notes
Turn   | Place    | Note
-------+----------+-------------------------------------------
     0 | D:1      | sankara the Hill Orc Necromancer began the quest for the
                  | Orb.
     0 | D:1      | Reached XP level 1. HP: 14/14 MP: 3/3
     2 | D:1      | Learned a level 1 spell: Animate Skeleton
   524 | D:1      | Reached XP level 2. HP: 19/20 MP: 0/4
  1428 | D:2      | Reached skill level 5 in Necromancy
  1428 | D:2      | Reached XP level 3. HP: 18/26 MP: 0/5
  1435 | D:1      | Learned a level 3 spell: Vampiric Draining
  2035 | D:2      | Reached XP level 4. HP: 30/33 MP: 1/6
  2090 | D:1      | Reached skill level 1 in Armour
  2258 | D:1      | HP: 4/33 [gnoll/+0 flail (4)]
  2971 | D:3      | Found a faded altar of an unknown god.
  3301 | D:3      | Reached skill level 2 in Spellcasting
  3516 | D:3      | Reached XP level 5. HP: 37/38 MP: 4/8
  3521 | D:3      | Learned a level 3 spell: Regeneration
  3948 | D:4      | Found a burning altar of Makhleb.
  4096 | D:4      | Reached skill level 2 in Armour
  4319 | D:4      | Found an ancient bone altar of Kikubaaqudgha.
  4329 | D:4      | Became a worshipper of Kikubaaqudgha
  4330 | D:4      | Reached skill level 6 in Necromancy
  4458 | D:4      | Found an iron altar of Okawaru.
  4458 | D:4      | Found a blossoming altar of Fedhas.
  4458 | D:4      | Found a shadowy altar of Dithmenos.
  4478 | D:4      | Reached skill level 1 in Charms
  4478 | D:4      | Reached XP level 6. HP: 36/45 MP: 4/9
  4587 | D:5      | Entered Level 5 of the Dungeon
  5084 | D:5      | Found a sand-covered staircase.
  5090 | Ossuary  | Entered an ossuary
  5228 | Ossuary  | Reached XP level 7. HP: 50/50 MP: 9/11
  5265 | Ossuary  | Reached * piety under Kikubaaqudgha
  5265 | Ossuary  | Identified Kikubaaqudgha's Catalogue of Evil Secrets
                  | (Kikubaaqudgha gifted it to you in an ossuary)
  5265 | Ossuary  | Received a gift from Kikubaaqudgha
  5274 | Ossuary  | Learned a level 2 spell: Sublimation of Blood
  5315 | Ossuary  | Reached skill level 3 in Armour
  5315 | Ossuary  | Reached skill level 2 in Charms
  5713 | D:5      | HP: 9/50 [centaur/arrow (10)]
  5938 | D:5      | Reached skill level 3 in Spellcasting
  5938 | D:5      | Reached skill level 7 in Necromancy
  6119 | D:5      | Found a white marble altar of Elyvilon.
  6310 | D:5      | Reached skill level 4 in Armour
  6310 | D:5      | Reached XP level 8. HP: 19/57 MP: 0/12
  6558 | D:5      | Reached skill level 1 in Fighting
  6692 | D:5      | Noticed a hippogriff
  6702 | D:5      | Killed a hippogriff
  6702 | D:5      | Reached skill level 2 in Fighting
  6702 | D:5      | Reached skill level 8 in Necromancy
  6873 | D:5      | Reached skill level 3 in Charms
  6891 | D:5      | Found a staircase to the Ecumenical Temple.
  7000 | Temple   | Entered the Ecumenical Temple
  7180 | D:5      | Reached skill level 3 in Fighting
  7224 | D:5      | Reached ** piety under Kikubaaqudgha
  7656 | D:6      | Found Goppomuh's Book Boutique.
  7682 | D:6      | Reached skill level 4 in Fighting
  7940 | D:6      | Found a blossoming altar of Fedhas.
  8003 | D:6      | Reached skill level 4 in Charms
  8113 | D:6      | Found an opulent altar of Gozag.
  8204 | D:6      | Found Inge's Book Shop.
  8213 | D:6      | Reached XP level 9. HP: 70/73 MP: 7/14
  8278 | D:6      | Found Deas Jinuukh's Antique Armour Shoppe.
  8388 | D:6      | Reached skill level 5 in Fighting
  8723 | D:6      | Reached skill level 4 in Spellcasting
  8971 | D:7      | Reached skill level 6 in Fighting
  8991 | D:7      | HP: 6/75 [ogre/+0 giant spiked club (19)]
  9704 | D:7      | Found a stormy altar of Qazlal.
  9818 | D:7      | Reached skill level 7 in Fighting
 10065 | D:7      | Reached *** piety under Kikubaaqudgha
 10065 | D:7      | Identified Kikubaaqudgha's Grimoire of Sinister Rituals
                  | (Kikubaaqudgha gifted it to you on level 7 of the Dungeon)
 10065 | D:7      | Received a gift from Kikubaaqudgha
 10082 | D:7      | Learned a level 5 spell: Dispel Undead
 10295 | D:7      | Reached skill level 2 in Dodging
 10344 | D:7      | Noticed Pikel
 10351 | D:7      | Killed Pikel
 10351 | D:7      | Reached skill level 8 in Fighting
 10562 | D:7      | Found a runed translucent gate.
 10562 | D:7      | Found a runed translucent gate.
 10562 | D:7      | Found a runed translucent gate.
 10567 | D:7      | Noticed sankara's ghost (novice MfGl)
 10616 | D:8      | Noticed Psyche
 10639 | D:7      | Reached skill level 1 in Maces & Flails
 10722 | D:8      | Reached skill level 2 in Maces & Flails
 10739 | D:8      | Reached skill level 3 in Maces & Flails
 10770 | D:8      | Reached XP level 10. HP: 66/88 MP: 2/16
 10871 | D:8      | Killed Psyche
 10871 | D:8      | Reached skill level 4 in Maces & Flails
 11011 | D:8      | Found a staircase to the Lair.
 11313 | D:8      | Noticed a death knight
 11432 | D:8      | Noticed a lindwurm
 11432 | D:8      | a death knight changed into a lindwurm
 11444 | D:8      | HP: 20/88 [lindwurm (8)]
 11447 | D:8      | Killed a lindwurm
 11447 | D:8      | Reached skill level 9 in Necromancy
 11651 | D:8      | Reached skill level 5 in Maces & Flails
 12002 | Lair:1   | Entered Level 1 of the Lair of Beasts
 12055 | D:8      | Reached skill level 5 in Spellcasting
 12059 | D:8      | Reached skill level 6 in Maces & Flails
 12182 | D:8      | HP: 20/88 [yak (11)]
 12633 | Lair:1   | Noticed a black mamba
 12655 | Lair:1   | HP: 9/88 [black mamba (15)]
 12658 | Lair:1   | Killed a black mamba
 12660 | Lair:1   | HP: 17/88 [poisoned by a black mamba]
 12665 | Lair:1   | HP: 17/88 [poisoned by a black mamba]
 12671 | Lair:1   | HP: 13/88 [poisoned by a black mamba]
 12676 | Lair:1   | HP: 11/88 [poisoned by a black mamba]
 12681 | Lair:1   | HP: 11/88 [poisoned by a black mamba]
 12688 | Lair:1   | HP: 10/88 [poisoned by a black mamba]
 12696 | Lair:1   | HP: 10/88 [poisoned by a black mamba]
 13212 | Lair:1   | Noticed a spiny frog
 13219 | Lair:1   | Killed a spiny frog
 13219 | Lair:1   | Reached skill level 7 in Maces & Flails
 13401 | Lair:1   | Reached skill level 1 in Shields
 13543 | Lair:1   | Reached XP level 11. HP: 89/94 MP: 19/19
 13622 | Lair:1   | Reached skill level 2 in Shields
 13630 | Lair:1   | Learned a level 6 spell: Death Channel
 13969 | D:6      | Bought a dull robe for 142 gold pieces
 13979 | D:6      | Identified the cursed +0 robe of Anaesthesia {rF+} (You
                  | bought it in a shop on level 6 of the Dungeon)
 14122 | D:7      | Killed sankara's ghost
 14122 | D:7      | Reached **** piety under Kikubaaqudgha
 14122 | D:7      | Reached skill level 8 in Maces & Flails
 14379 | Lair:2   | Found a staircase to the Snake Pit.
 14610 | Lair:2   | Reached skill level 3 in Shields
 14720 | Lair:2   | Reached skill level 10 in Necromancy
 14736 | Lair:2   | HP: 11/94 [dream sheep (28)]
 14744 | Lair:2   | HP: 16/94 [dream sheep (9)]
 14772 | Lair:1   | Reached skill level 9 in Maces & Flails
 15296 | Lair:2   | You fall into a shaft and drop 1 floor!
 15311 | Lair:3   | Reached skill level 4 in Shields
 15394 | Lair:3   | Noticed a seven-headed hydra
 15410 | Lair:3   | HP: 22/94 [seven-headed hydra (10)]
 15410 | Lair:3   | HP: 7/94 [seven-headed hydra (15)]
 15410 | Lair:3   | Slain by a seven-headed hydra

Levels and vault maps discovered:
D:1:      mrwooster_arrival_statue_3, layout_loops_corners, chequers_avenue
D:2:      layout_rooms, minmay_splitting_lines
D:3:      layout_rooms, first_ration, chequers_ecumenical_altar_simple_redux
D:4:      layout_rooms, bloody_makhleb, gammafunk_temple_overflow_claw,
          kiku_gazebo_garden_becter, minmay_close_crescents
D:5:      cheibrodos_two_vegetables, layout_gridville, elyvilon_altar_3,
          minmay_temple_entry_drinking_statues, nicolae_ossuary_entry_plus
D:6:      layout_loops_cross, grunt_gozag_statues, serial_shops, shop, shop,
          kennysheep_little_box, fedhas_ov_isle_minmay
D:7:      layout_basic, lemuel_doored_altar, ebering_ghost_rock_garden,
          grunt_ogre_cave, uniq_pikel
D:8:      layout_rooms, lair_entry_dummy, uniq_psyche
D:9:      layout_long_grid, serial_undead, serial_undead_c, serial_undead_a,
          serial_undead_a, serial_undead_b, serial_undead_d, serial_undead_a,
          serial_undead_a, gammafunk_ghost_nasty_kobolds
Temple:   jpeg_temple_clearing
Lair:1:   layout_long_grid
Lair:2:   layout_cave_pods, guppyfry_snake_entry_garden
Lair:3:   layout_regular_city, lemuel_centaur_altar

Skill      XL: |  1  2  3  4  5  6  7  8  9 10 11 |
---------------+----------------------------------+-----
Necromancy     | 5 6 7 8 9 10 | 10.2
Armour         | 1 2 4 |  4.2
Spellcasting   | 2 3 4 5 |  5.6
Charms         | 1 2 4 |  4.0
Fighting       | 4 8 |  8.2
Dodging        | 2 |  2.5
Maces & Flails | 3 7 9 |  9.3
Shields        | 1 4 |  4.0
Stealth        | |  1.5

Action                   |  1- 3 |  4- 6 |  7- 9 | 10-12 || total
-------------------------+-------+-------+-------+-------++-------
Melee: Unarmed           |     7 |       |       |       ||     7
       Dagger            |     3 |    89 |   408 |       ||   500
       Whip              |       |       |    77 |   222 ||   299
Throw: Stone             |       |       |    11 |       ||    11
 Cast: Pain              |    55 |   113 |   199 |    55 ||   422
       Animate Skeleton  |     8 |    26 |    25 |    19 ||    78
       Regeneration      |       |       |    22 |    17 ||    39
       Sublimation of Bl |       |       |     7 |       ||     7
       Vampiric Draining |       |       |     4 |    35 ||    39
       Dispel Undead     |       |       |       |     3 ||     3
Invok: Receive Corpses   |       |       |       |     1 ||     1
Evoke: Wand              |       |       |     4 |     6 ||    10
  Use: Scroll            |       |    12 |     7 |     5 ||    24
       Potion            |       |     1 |     3 |     2 ||     6
 Stab: Distracted        |     1 |       |       |       ||     1
       Sleeping          |       |     1 |     2 |       ||     3
  Eat: Chunk             |     4 |    13 |    14 |    14 ||    45
       Ration            |       |       |     2 |     2 ||     4
Armor: Robe              |     7 |       |       |       ||     7
       Leather armour    |     4 |    40 |   121 |    56 ||   221
       Skin              |       |       |    24 |       ||    24
Dodge: Dodged            |    15 |    61 |   213 |   135 ||   424
Block: Buckler           |       |       |       |    23 ||    23

Table legend:
 A = Non-vault XP
 B = Vault XP
 C = Vault XP percentage of total XP
 D = Non-vault monster count
 E = Vault monster count
 F = Vault count percentage of total count
                 A         B        C        D         E       F
            +---------+---------+-------+---------+---------+-------
      Total |   12071 |    2000 |  14.2 |     213 |      46 |  17.8
            +---------+---------+-------+---------+---------+-------
        D:1 |      50 |       0 |   0.0 |      17 |       0 |   0.0
        D:2 |      70 |       0 |   0.0 |      17 |       0 |   0.0
        D:3 |      66 |       0 |   0.0 |      21 |       0 |   0.0
        D:4 |     290 |      20 |   6.5 |      19 |       5 |  20.8
        D:5 |    1238 |      14 |   1.1 |      29 |       1 |   3.3
        D:6 |     772 |       0 |   0.0 |      26 |       0 |   0.0
        D:7 |     874 |    1201 |  57.9 |      26 |       3 |  10.3
        D:8 |    2767 |     404 |  12.7 |      31 |       1 |   3.1
        D:9 |     133 |     193 |  59.2 |       1 |       3 |  75.0
     Lair:1 |    3044 |       0 |   0.0 |      12 |       0 |   0.0
     Lair:2 |    2218 |       0 |   0.0 |      10 |       0 |   0.0
     Lair:3 |     549 |       0 |   0.0 |       4 |       0 |   0.0
    Ossuary |       0 |     168 | 100.0 |       0 |      33 | 100.0
            +---------+---------+-------+---------+---------+-------

Levels and vault maps discovered:
D:1:      mrwooster_arrival_statue_3, layout_loops_corners, chequers_avenue
D:2:      layout_rooms, minmay_splitting_lines
D:3:      layout_rooms, first_ration, chequers_ecumenical_altar_simple_redux
D:4:      layout_rooms, bloody_makhleb, gammafunk_temple_overflow_claw,
          kiku_gazebo_garden_becter, minmay_close_crescents
D:5:      cheibrodos_two_vegetables, layout_gridville, elyvilon_altar_3,
          minmay_temple_entry_drinking_statues, nicolae_ossuary_entry_plus
D:6:      layout_loops_cross, grunt_gozag_statues, serial_shops, shop, shop,
          kennysheep_little_box, fedhas_ov_isle_minmay
D:7:      layout_basic, lemuel_doored_altar, ebering_ghost_rock_garden,
          grunt_ogre_cave, uniq_pikel
D:8:      layout_rooms, lair_entry_dummy, uniq_psyche
D:9:      layout_long_grid, serial_undead, serial_undead_c, serial_undead_a,
          serial_undead_a, serial_undead_b, serial_undead_d, serial_undead_a,
          serial_undead_a, gammafunk_ghost_nasty_kobolds
Temple:   jpeg_temple_clearing
Lair:1:   layout_long_grid
Lair:2:   layout_cave_pods, guppyfry_snake_entry_garden
Lair:3:   layout_regular_city, lemuel_centaur_altar

Table legend:
 A = Turns spent in this place as a percentage of turns spent in the entire game.
 B = Non-inter-level travel turns spent in this place as a percentage of non-inter-level travel turns spent in the entire game.
 C = Inter-level travel turns spent in this place as a percentage of turns spent in this place.
 D = Turns resting spent in this place as a percentage of non-inter-level travel turns spent in this place.
 E = Turns spent auto-exploring this place as a percentage of non-inter-level travel turns spent in this place.
 F = Non-inter-level travel turns spent in this place divided by the number of levels of this place that you've seen.
                   A       B       C       D       E      F
               +-------+-------+-------+-------+-------+----------------------
         Total | 100.0 | 100.0 |   5.2 |  46.9 |  31.0 | 1043.6
       Dungeon |  78.8 |  78.6 |   5.4 |  47.5 |  30.9 | 1276.3
        Temple |   0.7 |   0.7 |  11.1 |   0.0 |  97.9 |  96.0
          Lair |  16.6 |  16.6 |   5.2 |  47.1 |  35.0 | 809.7
       Ossuary |   3.9 |   4.1 |   0.0 |  41.1 |   4.8 | 598.0
               +-------+-------+-------+-------+-------+----------------------

Table legend:
 A = Kills in this place as a percentage of kills in entire the game.
 B = Kills by you in this place as a percentage of kills by you in the entire game.
 C = Kills by friends in this place as a percentage of kills by friends in the entire game.
 D = Other kills in this place as a percentage of other kills in the entire game.
 E = Experience gained in this place as a percentage of experience gained in the entire game.
 F = Experience gained in this place divided by the number of levels of this place that you have seen.
                   A       B       C       D       E      F
               +-------+-------+-------+-------+-------+----------------------
         Total | 100.0 | 100.0 | 100.0 |   N/A | 100.0 | 1005.1
       Dungeon |  77.2 |  77.1 |  78.6 |   N/A |  57.5 | 899.1
          Lair |  10.0 |   9.4 |  21.4 |   N/A |  41.3 | 1937.0
       Ossuary |  12.7 |  13.5 |   0.0 |   N/A |   1.2 | 168.0
               +-------+-------+-------+-------+-------+----------------------
